 Dungeon Crawl Stone Soup version 0.32-a0-975-g85d4e5bfdb (webtiles) character file.

Game seed: 10939120620442321901

16534 senseless the Fighter (level 12, -3/101 HPs)
             Began as a Coglin Hunter on Apr 19, 2024.
             Was the Champion of Elyvilon.
             Slain by a skyshark (7 damage)
             ... on level 3 of the Lair of Beasts.
             The game lasted 00:35:36 (14493 turns).

senseless the Fighter (Coglin Hunter)              Turns: 14493, Time: 00:35:37

Health: -3/101     AC: 11    Str: 12    XL:     12   Next: 38%
Magic:  14/14      EV: 19    Int:  8    God:    Elyvilon [******]
Gold:   216        SH:  0    Dex: 23    Spells: 11/11 levels left

rFire   . . .        a - +3 sling (flame) {Chang}
rCold   + . .        d - +0 sling {Narong}
rNeg    . . .        H - +3 leather armour {rC+}
rPois   .            E - +0 hat
rElec   .            q - scarf {+Inv}
rCorr   .            v - +1 pair of gloves
SInv    .            e - +2 pair of boots
Will    .....        (amulet unavailable)
Stlth   ++           (ring unavailable)
HPRegen 0.36/turn    (ring unavailable)
MPRegen 0.14/turn    (no gizmo)

%: no passive effects
@: revved
A: off-hand wielding, slow wielding, warmup strikes, no jewellery
a: Invent Gizmo, Renounce Religion, Evoke Invisibility, Purification, Heal
Other, Heal Self, Divine Vigour


You were on level 3 of the Lair of Beasts.
You worshipped Elyvilon.
Elyvilon was exalted by your worship.
You visited 2 branches of the dungeon, and saw 13 of its levels.

You collected 672 gold pieces.
You spent 456 gold pieces at shops.

Inventory:

Hand Weapons
 a - a +3 sling of flaming (weapon) {Chang}
 d - a +0 sling (offhand) {Narong}
 N - the +8 quarterstaff of Xom {antimagic, SInv}
   (You found it on level 3 of the Lair of Beasts)

   SInv:      It lets you see invisible.
Armour
 c - a +0 leather armour
 e - a +2 pair of boots (worn)
 q - a scarf of invisibility (worn)
 r - the +0 leather armour of Aluceqask {rPois Stlth+}
   (You found it on level 6 of the Dungeon)

   rPois:     It protects you from poison.
   Stlth+:    It makes you more stealthy.
 v - a +1 pair of gloves (worn)
 B - +0 steam dragon scales
 C - a +1 ring mail of fire resistance
 E - a +0 hat (worn)
 G - a +3 ring mail
 H - a +3 leather armour of cold resistance (worn)
 K - a +2 leather armour of willpower
Wands
 h - a wand of acid (11)
 p - a wand of roots (23)
 w - a wand of flame (40)
 A - a wand of digging (9)
 I - a wand of polymorph (4)
Scrolls
 b - 2 scrolls of butterflies
 m - 4 scrolls of noise
 s - 2 scrolls of identify
 t - 5 scrolls of immolation
 x - a scroll of fear
 y - a scroll of revelation
 z - 4 scrolls of teleportation
 L - a scroll of fog
 M - a scroll of amnesia
Potions
 f - 6 potions of curing
 g - 3 potions of heal wounds
 i - 2 potions of resistance
 j - 2 potions of invisibility
 k - 4 potions of mutation
 l - 3 potions of brilliance
 n - 4 potions of lignification
 o - 3 potions of cancellation
 u - a potion of haste
 D - 2 potions of enlightenment
 F - a potion of attraction
 J - a potion of magic


   Skills:
 + Level 11.7 Fighting
 + Level 11.1 Ranged Weapons
 + Level 10.6 Dodging
 - Level 0.7 Stealth
 + Level 2.6 Invocations


You had 11 spell levels left.
You didn't know any spells.
Your spell library contained the following spells:

 Spells                   Type           Power      Damage    Failure   Level
 Sandblast                Erth           0%         2d4       50%         1
 Slow                     Hex            0%         N/A       50%         1
 Jinxbite                 Hex            0%         N/A       63%         2
 Lesser Beckoning         Tloc           0%         N/A       63%         2
 Confusing Touch          Hex            0%         N/A       86%         3
 Hailstorm                Conj/Ice       0%         3d5       86%         3
 Maxwell's Portable Pile  Tloc           0%         2d(5-13)  86%         3
 Passwall                 Erth           0%         N/A       86%         3
 Stone Arrow              Conj/Erth      0%         3d7       86%         3
 Summon Ice Beast         Ice/Summ       0%         N/A       86%         3
 Teleport Other           Tloc           0%         N/A       86%         3
 Vampiric Draining        Necr           0%         2d6       86%         3
 Yara's Violent Unravell  Hex/Alch       0%         3d3       100%        5
 Permafrost Eruption      Ice/Erth       0%         2x4d1     100%        6
 Sculpt Simulacrum        Ice/Alch       0%         N/A       100%        6
 Enfeeble                 Hex            0%         N/A       100%        7


Dungeon Overview and Level Annotations

Branches:
Dungeon (10/15)            Temple (0/1) D:6            Lair (3/5) D:8
  Snake (0/4) Lair:2          Orc (0/2) D:9
  Swamp: Lair:2-3    Shoals: Lair:2-3

Altars:
Ashenzari
Elyvilon
The Shining One

Shops:
D:2 *


Innate Abilities, Weirdness & Mutations

You can wield a second weapon in your off-hand.
It takes a long time for you to wield or remove held weapons.
Your first few attacks do less damage.
You cannot equip rings or amulets.


Message History

The skyshark closely misses you. x3
You are too injured to fight recklessly!
You are too injured to fight recklessly!
You are too injured to fight recklessly!
Aiming: Corrosive Bolt
Press: ? - help, Shift-Dir - straight line, f/p - skyshark
Aim: a skyshark (heavily wounded, berserk, 79% to hit)
The bolt of acid hits the skyshark.
The acid corrodes the skyshark!
The skyshark is heavily wounded.
The skyshark bites you! The skyshark misses you. The skyshark tail-slaps you!
* * * LOW HITPOINT WARNING * * *
Aiming: Corrosive Bolt
Press: ? - help, Shift-Dir - straight line, f/p - skyshark
Aim: a skyshark (heavily wounded, berserk, covered in acid, 79% to hit)
The bolt of acid hits the skyshark!
The skyshark seems to be corroded for longer.
The skyshark is heavily wounded.
The skyshark completely misses you. The skyshark misses you. x2
The skyshark bites you.
* * * LOW HITPOINT WARNING * * *
The skyshark completely misses you. x2
You shoot a sling bullet.
The sling bullet barely misses the skyshark.
You shoot a sling bullet. The sling bullet hits the skyshark.
The skyshark is heavily wounded.
The skyshark bites you!!
* * * LOW HITPOINT WARNING * * *
The skyshark tail-slaps you.
* * * LOW HITPOINT WARNING * * *
The skyshark misses you.
You shoot a sling bullet. The sling bullet hits the skyshark!
The sling bullet burns the skyshark!
The skyshark is severely wounded.
You shoot a sling bullet.
The sling bullet hits the skyshark but does no damage.
The skyshark is severely wounded.
The skyshark closely misses you. The skyshark tail-slaps you.
Elyvilon protects you from harm! The skyshark tail-slaps you!
You die...

. ## ... ## ### ####P##
##
.....#.##.####.##..####.
.......@................
......F.................
.....................)..
..(.................>...
.................)......
........................
..........?.............
........................
...........†.......


You could see a skyshark (berserk, corroded).

Vanquished Creatures
  Gastronok (D:9)
  A catoblepas (Lair:2)
  Erica (D:7)
  Nergalle (Lair:2)
  Pikel (D:9)
  An elephant (D:8)
  A black mamba (Lair:2)
  The ghost of Autsider the Shooter, a novice FoHu (D:5)
  5 cane toads (Lair:1)
  An unseen horror (D:10)
  A komodo dragon (Lair:2)
  A rime drake (Lair:1)
  A troll (D:9)
  The ghost of Iidacon the Slasher, an amateur DsGl of Gozag (D:3)
  5 polar bears
  5 blink frogs
  2 shadows
  2 wyverns
  5 yaks
  The ghost of MirrMurr the Shooter, an amateur MiHu (D:3)
  2 basilisks
  The ghost of OboGreatPlayer the Conjurer, an amateur DrCj of Vehumet (D:3)
  A steam dragon (D:8)
  An acid dragon (D:7)
  8 water moccasins
  5 orc warriors
  An ice beast (D:6)
  2 sky beasts
  2 black bears (D:8)
  10 wolves (Lair:1)
  2 ogres
  4 centaurs
  4 lemures (D:9)
  2 phantoms
  7 bullfrogs
  A gnoll sergeant (D:7)
  A scorpion (D:4)
  3 wights (D:7)
  6 killer bees (D:9)
  5 electric eels
  5 howler monkeys
  The ghost of funkygono the Firebug, a weakling GrFE (D:3)
  A jelly (D:5)
  8 orc priests
  5 hounds
  2 sleepcaps
  11 orc wizards
  2 iguanas
  10 adders
  5 gnolls (D:7)
  5 white imps
  5 dart slugs
  A ribbon worm (D:2)
  35 orcs
  A ball python (D:1)
  5 endoplasms
  3 giant cockroaches
  3 goblins
  5 hobgoblins
  8 jackals
  6 quokkas
  5 bats
  2 frilled lizards (D:3)
  6 kobolds
  5 rats
251 creatures vanquished.

Notes
Turn   | Place    | Note
-------+----------+-------------------------------------------
     0 | D:1      | senseless the Coglin Hunter began the quest for the Orb.
     0 | D:1      | Reached XP level 1. HP: 16/16 MP: 1/1
   364 | D:1      | Reached XP level 2. HP: 22/22 MP: 2/2
   905 | D:1      | Reached XP level 3. HP: 28/28 MP: 3/3
  1174 | D:2      | Reached XP level 4. HP: 35/35 MP: 4/4
  1252 | D:2      | Found Meicvoh's General Store.
  1269 | D:2      | Bought a scroll of noise for 12 gold pieces
  1269 | D:2      | Bought a scroll of identify for 24 gold pieces
  1406 | D:3      | Found a runed translucent gate.
  1407 | D:3      | Found a runed translucent gate.
  1407 | D:3      | Found a runed translucent gate.
  1413 | D:3      | Noticed MirrMurr's ghost (amateur MiHu)
  1413 | D:3      | Noticed Iidacon's ghost (amateur DsGl)
  1413 | D:3      | Noticed funkygono's ghost (weakling GrFE)
  1413 | D:3      | Noticed OboGreatPlayer's ghost (amateur DrCj)
  1431 | D:3      | Found a faded altar of an unknown god.
  1465 | D:3      | Prayed at the altar of an unknown god.
  1465 | D:3      | Became a worshipper of Elyvilon the Healer
  1465 | D:3      | Reached * piety under Elyvilon
  1880 | D:3      | Reached XP level 5. HP: 41/41 MP: 5/5
  2184 | D:4      | Reached ** piety under Elyvilon
  2236 | D:4      | Noticed an ogre
  2240 | D:4      | Killed an ogre
  2241 | D:4      | Reached XP level 6. HP: 48/48 MP: 6/6
  2712 | D:5      | Entered Level 5 of the Dungeon
  2712 | D:5      | Found a runed translucent gate.
  2712 | D:5      | Found a runed translucent gate.
  2712 | D:5      | Found a runed translucent gate.
  2714 | D:5      | Noticed Autsider's ghost (novice FoHu)
  2829 | D:5      | Reached skill level 5 in Ranged Weapons
  2853 | D:5      | Reached XP level 7. HP: 48/55 MP: 7/7
  2878 | D:5      | Reached *** piety under Elyvilon
  3562 | D:6      | Reached **** piety under Elyvilon
  3604 | D:6      | Reached skill level 5 in Fighting
  3609 | D:6      | Found a staircase to the Ecumenical Temple.
  3662 | D:6      | Identified the +0 leather armour of Aluceqask {rPois
                  | Stlth+}
  3963 | D:6      | Reached XP level 8. HP: 27/63 MP: 8/8
  4330 | D:6      | Reached skill level 5 in Dodging
  4534 | D:6      | Found a staircase to the Ecumenical Temple.
  4952 | D:7      | Reached ***** piety under Elyvilon
  5771 | D:7      | Reached XP level 9. HP: 50/71 MP: 9/9
  6842 | D:8      | Found a staircase to the Lair.
  6842 | D:8      | Noticed Erica
  6843 | D:8      | Noticed an elephant
  6863 | D:7      | Killed Erica
  7414 | D:8      | Killed an elephant
  7415 | D:8      | Reached XP level 10. HP: 78/82 MP: 10/10
  7876 | D:9      | Noticed Gastronok
  7889 | D:9      | Killed Gastronok
  8293 | D:9      | Noticed Pikel
  8316 | D:9      | Killed Pikel
  8706 | D:9      | Reached XP level 11. HP: 90/90 MP: 11/11
  8807 | D:9      | Found a staircase to the Orcish Mines.
  9250 | D:2      | Bought a +3 leather armour of cold resistance for 288 gold
                  | pieces
  9250 | D:2      | Bought a potion of curing for 36 gold pieces
  9316 | D:3      | Killed funkygono's ghost
  9327 | D:3      | Killed Iidacon's ghost
  9328 | D:3      | Reached skill level 10 in Fighting
  9337 | D:3      | Killed OboGreatPlayer's ghost
  9339 | D:3      | Killed MirrMurr's ghost
  9491 | D:5      | Killed Autsider's ghost
  9705 | D:10     | Entered Level 10 of the Dungeon
  9939 | D:10     | Reached ****** piety under Elyvilon
 10442 | D:10     | Found a broken altar of Ashenzari.
 10450 | D:10     | Found a glowing golden altar of the Shining One.
 11131 | D:2      | Bought a potion of magic for 96 gold pieces
 11302 | Lair:1   | Entered Level 1 of the Lair of Beasts
 11432 | Lair:1   | Reached skill level 10 in Ranged Weapons
 11539 | Lair:1   | HP: 4/92 [poisoned by a cane toad]
 12182 | Lair:1   | Reached skill level 10 in Dodging
 12463 | Lair:1   | Noticed a death yak
 12463 | Lair:1   | Noticed a death yak
 12463 | Lair:1   | Noticed a death yak
 12463 | Lair:1   | Noticed a death yak
 12465 | Lair:1   | Noticed a death yak
 13167 | Lair:2   | Reached XP level 12. HP: 100/100 MP: 12/12
 13252 | Lair:2   | Noticed a catoblepas
 13284 | Lair:2   | Killed a catoblepas
 13285 | Lair:2   | Reached skill level 1 in Invocations
 13737 | Lair:2   | Found a staircase to the Snake Pit.
 13785 | Lair:2   | Identified the +11 falchion "Uvizotubb" {vamp, rPois rC+++
                  | Int-2 Dex-2}
 13939 | Lair:3   | Noticed Nergalle
 13958 | Lair:2   | Killed Nergalle
 14468 | Lair:3   | Identified the +8 quarterstaff of Xom {antimagic, SInv}
 14481 | Lair:3   | Noticed a skyshark
 14492 | Lair:3   | HP: 4/101 [skyshark (2)]
 14493 | Lair:3   | Elyvilon protects you from harm!
 14493 | Lair:3   | Slain by a skyshark

Illustrated notes

Levels and vault maps discovered:
D:1:      matt_arrival_spirals, layout_loops_corners
D:2:      layout_rooms, serial_shops, shop, due_unseen_surprise
D:3:      layout_loops_cross, hellmonk_ecumenical_altar_arch_garden,
          gammafunk_ghost_cemetery
D:4:      layout_basic, hex_intersection, wad_floor_pattern_1,
          nicolae_letterblocks [nicolae_letter_subblock,
          nicolae_letter_subblock, nicolae_letter_subblock,
          nicolae_letter_subblock, nicolae_letter_subblock,
          nicolae_letter_subblock, nicolae_letter_subblock,
          nicolae_letter_subblock, nicolae_letter_subblock,
          nicolae_letter_subblock, nicolae_letter_subblock,
          nicolae_letter_subblock, nicolae_letter_subblock,
          nicolae_letter_subblock, nicolae_letter_subblock,
          nicolae_letter_subblock, nicolae_letter_subblock,
          nicolae_letter_subblock, nicolae_letter_subblock,
          nicolae_letter_subblock, nicolae_letter_subblock,
          nicolae_letter_subblock, nicolae_letter_subblock,
          nicolae_letter_subblock, nicolae_letter_subblock]
D:5:      layout_gridville, gammafunk_ghost_split, nicolae_zig_zag_zippers
D:6:      layout_basic, minmay_temple_entry_wispy
D:7:      layout_loops_corners
D:8:      layout_loops_ring, david_lair_generic, uniq_erica
D:9:      layout_small_grid, erik_orc_2, uniq_gastronok, uniq_pikel
D:10:     layout_gridville, jmf_multi_god_temple2
Lair:1:   layout_regular_city, pdpol_lair_neglected_garden, grunt_megastairs_1,
          serial_bayou_shore_a
Lair:2:   layout_roguey, dummy_snake_entry, st_stairs_11, minivault_27
Lair:3:   layout_big_grid, elwin_shoals_entry_rocks,
          maelrawn_ghost_gauntlet_escape, uniq_nergalle, uniq_sonja, uniq_fannar

Skill      XL: |  1  2  3  4  5  6  7  8  9 10 11 12 |
---------------+-------------------------------------+-----
Dodging        | 2 3 4 6 7 8 10 | 10.6
Ranged Weapons | 4 5 6 8 9 10 11 | 11.1
Fighting       | 3 4 5 6 8 9 11 | 11.7
Invocations    | 2 |  2.6
Stealth        | |  0.7

Action                     |  1- 3 |  4- 6 |  7- 9 | 10-12 || total
---------------------------+-------+-------+-------+-------++-------
   Fire: Sling             |   164 |   202 |   592 |  1250 ||  2208
  Evoke: Wand              |       |       |     6 |     8 ||    14
    Use: Scroll            |       |    11 |     9 |     9 ||    29
         Potion            |       |       |       |     6 ||     6
 Armour: Leather armour    |    13 |    13 |   101 |   245 ||   372
         Steam dragon scal |       |       |     2 |    27 ||    29
  Dodge: Dodged            |     9 |    17 |    73 |   370 ||   469

Table legend: (Time is in decaauts)
 A = Elapsed time spent in this place.
 B = Non-inter-level travel time spent in this place.
 C = Inter-level travel time spent in this place.
 D = Time resting spent in this place.
 E = Time spent auto-exploring this place.
 F = Levels seen in this place.
 G = Mean time per level.
                   A        B        C        D        E       F      G
               +--------+--------+--------+--------+--------+-----+--------+
         Total |  14544 |  13332 |   1212 |   2231 |   9129 |  13 | 1118.8 |
       Dungeon |  11376 |  10222 |   1154 |   1072 |   7722 |  10 | 1137.6 |
          Lair |   3167 |   3110 |     57 |   1158 |   1406 |   3 | 1055.7 |
               +--------+--------+--------+--------+--------+-----+--------+

Top non-repeatable levels by time:
     D:7: 2053 daAuts
  Lair:1: 1646 daAuts
     D:6: 1552 daAuts
  Lair:2: 1363 daAuts
     D:9: 1285 daAuts
    D:10: 1249 daAuts
     D:8: 1055 daAuts
     D:1: 1036 daAuts
     D:5: 975 daAuts
     D:3: 840 daAuts
     D:4: 805 daAuts
     D:2: 521 daAuts
  Lair:3: 157 daAuts
